 Dungeon Crawl Stone Soup version 0.26-a0-1213-gd52f5182fe (webtiles) character file.

Game seed: 6516198222981137101

2 jestyr24 the Conjurer (level 1, -1/14 HPs)
             Began as a Draconian Conjurer on Dec 30, 2020.
             Slain by a jackal (2 damage)
             ... on level 1 of the Dungeon.
             The game lasted 00:02:03 (114 turns).

jestyr24 the Conjurer (Draconian Conjurer)           Turns: 114, Time: 00:02:04

Health: -1/14      AC:  4    Str:  9    XL:     1   Next: 25%
Magic:  1/3        EV: 12    Int: 18    God:
Gold:   30         SH:  0    Dex:  9    Spells: 3/4 levels left

rFire    . . .     SeeInvis .   c - +0 short sword
rCold    . . .     Faith    .   (no shield)
rNeg     . . .     Spirit   .   (armour unavailable)
rPois    .         Reflect  .   (helmet restricted)
rElec    .         Harm     .   (no cloak)
rCorr    .         Rampage  .   (no gloves)
Will     .....                  (no boots)
Stlth    ++........             (no amulet)
HPRegen  0.04/turn              (no ring)
MPRegen  0.08/turn              (no ring)

@: no status effects
A: unfitting armour, cold-blooded, AC +4
a: no special abilities


You were on level 1 of the Dungeon.
You visited 1 branch of the dungeon, and saw 1 of its levels.

You collected 30 gold pieces.

Inventory:

Hand Weapons
 c - a +0 short sword (weapon)
Missiles
 a - 18 stones
Jewellery
 d - an uncursed amulet of regeneration {unknown}
Scrolls
 b - a scroll of identify {unknown}


   Skills:
 * Level 0.1 Fighting
 - Level 1.7 Dodging
 - Level 1.7 Stealth
 * Level 2.0 Spellcasting
 + Level 4.0 Conjurations


You had 3 spell levels left.
You knew the following spells:

 Your Spells              Type           Power        Failure   Level
a - Magic Dart            Conj           64%          3%          1

Your spell library contained the following spells:

 Spells                   Type           Power        Failure   Level
 Searing Ray              Conj           32%          4%          2
 Dazzling Flash           Conj/Hex       18%          24%         3
 Fulminant Prism          Conj/Hex       4%           61%         4
 Iskenderun's Mystic Bla  Conj/Tloc      9%           61%         4


Dungeon Overview and Level Annotations

Branches:
Dungeon (1/15)

Altars:


Innate Abilities, Weirdness & Mutations

Your plain brown scales are hard. (AC +4)
You cannot fit into any form of body armour.
You are cold-blooded and may be slowed by cold attacks.


Message History

The jackal bites you but does no damage.
The jackal bites you.
* * * LOW HITPOINT WARNING * * *
Your magical contamination has completely faded away.
You hit the jackal but do no damage.
The jackal is heavily wounded.
The jackal closely misses you.
The jackal bites you but does no damage.
The jackal closely misses you. The jackal bites you.
* * * LOW HITPOINT WARNING * * *
The jackal closely misses you.
You hit the jackal.
Your tail-slap misses the jackal.
The jackal is almost dead.
The jackal barely misses you. x2; The jackal completely misses you.
The jackal bites you.
* * * LOW HITPOINT WARNING * * *
You closely miss the jackal.
The jackal is almost dead.
The jackal barely misses you. The jackal bites you.
You die...

#............#........... ..
#............#...........
.....##.......................
........#...........##...........
....................##...........
........#....hl..K..+............
..............###bK.##...........
............h.###hl.##...........
...........K..##@hr..............
..............##.h...............
..............##.................
.........g....##.................
........(.....##.................
.......(......##.$....#..........
............######..............#
............... ..............#
................ .........#


You could see 3 jackals, a bat, 2 kobolds, a frilled lizard and a rat.

Vanquished Creatures
  A jackal (D:1)
  A kobold (D:1)
2 creatures vanquished.

Notes
Turn   | Place    | Note
-------+----------+-------------------------------------------
     0 | D:1      | jestyr24 the Draconian Conjurer began the quest for the
                  | Orb.
     0 | D:1      | Reached XP level 1. HP: 14/14 MP: 3/3
   114 | D:1      | Slain by a jackal

Illustrated notes

Levels and vault maps discovered:
D:1:      roderic_chinese_lattice_arrival, layout_basic, minmay_misc_feat_plants

Action                   || total
-------------------------++-------
Melee: Short sword       ||     8
 Cast: Magic Dart        ||     3
Armor: Skin              ||    22
Dodge: Dodged            ||    47

Table legend: (Time is in decaauts)
 A = Elapsed time spent in this place.
 B = Non-inter-level travel time spent in this place.
 C = Inter-level travel time spent in this place.
 D = Time resting spent in this place.
 E = Time spent auto-exploring this place.
 F = Levels seen in this place.
 G = Mean time per level.
                   A        B        C        D        E       F      G
               +--------+--------+--------+--------+--------+-----+--------+
         Total |    114 |    114 |      0 |      0 |     53 |   1 |  114.0 |
       Dungeon |    114 |    114 |      0 |      0 |     53 |   1 |  114.0 |
               +--------+--------+--------+--------+--------+-----+--------+

Top non-repeatable levels by time:
     D:1: 114 daAuts
